 Dungeon Crawl Stone Soup version 0.19.0-20-gbc5f0c6 (webtiles) character file.

299106 Jarno the Devastator (level 20, -5/172 HPs)
             Began as a Green Draconian Conjurer on Nov 14, 2016.
             Was the Champion of Vehumet.
             Slain by a vault warden
             ... wielding a +0 bardiche
              (43 damage)
             ... on level 3 of the Vaults on Nov 16, 2016.
             The game lasted 03:33:04 (57217 turns).

Jarno the Devastator (Green Draconian Conjurer)    Turns: 57217, Time: 03:33:05

Health: -5/172     AC: 18    Str: 10    XL:     20   Next: 48%
Magic:  17/37      EV: 20    Int: 25    God:    Vehumet [******]
Gold:   738        SH: 13    Dex: 14    Spells: 9 memorised, 12 levels left

rFire  + + .     SeeInvis .     a - +9 demon blade "Mocetto" {elec, rPois rC+ MR+}
rCold  + + .     Gourm    +     (armour unavailable)
rNeg   + . .     Faith    .     r - +1 shield {rF+}
rPois  +         Spirit   .     m - -2 hat of the Alchemist {rElec rPois rF+ rC+ rN+ MR+ rMut rCorr}
rElec  +         Reflect  .     d - +1 cloak
rCorr  +         Harm     .     I - +1 pair of gloves
rMut   +         Clarity  +     B - +2 pair of boots {run}
MR     ++++.                    O - amulet of the gourmand
Stlth  +++.......               y - +3 ring of protection
                                F - ring of wizardry

@: very slightly contaminated, quick
A: breathe noxious fumes, unfitting armour, stinger 1, agile 1, clarity, magic
resistance 1, poison resistance, cold-blooded, AC +10
a: Breathe Noxious Fumes, Renounce Religion
}: 1/15 runes: serpentine


You were on level 3 of the Vaults.
You worshipped Vehumet.
Vehumet was exalted by your worship.
You were very full.

You visited 7 branches of the dungeon, and saw 34 of its levels.
You also visited: Labyrinth, Ice Cave and Volcano.

You collected 3371 gold pieces.
You spent 2633 gold pieces at shops.

Inventory:

Hand Weapons
 a - the +9 demon blade "Mocetto" (weapon) {elec, rPois rC+ MR+}
   (You found it in an ice cave)

   Occasionally, upon striking a foe, it will discharge some electrical energy
   and cause terrible harm.
   It protects you from cold.
   It protects you from poison.
   It affects your resistance to hostile enchantments.
Armour
 d - a +1 cloak (worn)
 m - the -2 hat of the Alchemist (worn) {rElec rPois rF+ rC+ rN+ MR+ rMut rCorr}
   (You bought it in a shop on level 2 of the Orcish Mines)

   It protects you from fire.
   It protects you from cold.
   It insulates you from electricity.
   It protects you from poison.
   It protects you from negative energy.
   It affects your resistance to hostile enchantments.
   It protects you from acid and corrosion.
   It protects you from mutation.
 r - a +1 shield of fire resistance (worn)
 B - a +2 pair of boots of running (worn)
 I - a +1 pair of gloves (worn)
Magical Staves
 b - an uncursed staff of conjuration
Jewellery
 n - an uncursed ring of see invisible
 o - an uncursed amulet of magic regeneration
 y - a +3 ring of protection (right hand)
 A - an uncursed ring of positive energy
 E - an uncursed ring of flight
 F - a ring of wizardry (left hand)
 J - an uncursed amulet of regeneration
 O - an amulet of the gourmand (around neck)
Wands
 f - a wand of digging (4/24)
 C - a wand of hasting (6/9)
 V - a wand of disintegration (18/24)
Scrolls
 c - 7 scrolls of enchant weapon
 e - a scroll of blinking
 h - a scroll of summoning
 i - 10 scrolls of remove curse
 l - 3 scrolls of identify
 q - 3 scrolls of teleportation
 s - 2 scrolls of recharging
 G - 2 scrolls of magic mapping
 K - 3 scrolls of amnesia
 Q - 4 scrolls of fear
 T - 2 scrolls of fog
Potions
 g - 13 potions of curing
 j - 2 potions of cancellation
 k - 2 potions of lignification
 t - a potion of agility
 u - 3 potions of brilliance
 w - 2 potions of ambrosia
 x - 4 potions of invisibility
 z - 3 potions of magic
 D - 2 potions of cure mutation
 H - 3 potions of flight
 M - 5 potions of might
 N - 4 potions of haste
 W - a potion of berserk rage
 Y - 6 potions of resistance
Books
 U - a book of Summonings

   Spells                             Type                      Level
   a - Recall                         Summoning/Translocation      3
   b - Aura of Abjuration             Summoning                    5
   c - Summon Demon                   Summoning                    5
   d - Summon Forest                  Summoning/Translocation      5
   e - Summon Mana Viper              Hexes/Summoning              5
   f - Shadow Creatures               Summoning                    6
Miscellaneous
 p - a phial of floods
Comestibles
 L - 18 bread rations
 P - 4 fruits
 Z - a meat ration


   Skills:
 + Level 13.4 Fighting
 + Level 14.8 Long Blades
   Level 9.4 Maces & Flails
 + Level 12.0 Dodging
 - Level 7.0 Stealth
 + Level 13.3 Shields
 - Level 13.3 Spellcasting
 + Level 17.6 Conjurations
 - Level 2.0 Hexes
 - Level 4.8 Charms
 - Level 2.0 Necromancy
 - Level 6.7 Ice Magic
 - Level 4.3 Air Magic
 + Level 0.4 Evocations


You had 12 spell levels left.
You knew the following spells:

 Your Spells              Type           Power        Failure   Level  Hunger
a - Magic Dart            Conj           ####         0%          1    None
b - Searing Ray           Conj           ######       0%          2    None
c - Iskenderun's Mystic   Conj           #######.     1%          4    None
d - Iskenderun's Battles  Conj/Chrm      ######..     1%          5    ###....
e - Spectral Weapon       Hex/Chrm       ####....     1%          3    None
f - Shroud of Golubria    Chrm/Tloc      ####......   1%          2    None
g - Orb of Destruction    Conj           #######...   1%          7    ######.
h - Freezing Cloud        Conj/Ice/Air   ######....   2%          6    #####..
i - Regeneration          Chrm/Necr      ####......   1%          3    None


Dungeon Overview and Level Annotations

Branches:
Dungeon (15/15)            Temple (1/1) D:7            Lair (6/6) D:10
 Shoals (0/4) Lair:2        Snake (4/4) Lair:4        Slime (0/5) Lair:5
    Orc (2/2) D:9             Elf (3/3) Orc:2        Vaults (3/5) D:14
  Crypt (0/3) Vaults:2     Depths (0/5) D:15

Altars:
Ashenzari
Dithmenos
Fedhas
Gozag
Hepliaklqana
Makhleb
Nemelex Xobeh
Okawaru
Trog
Uskayaw
Vehumet
Xom
Yredelemnul
Zin
The Shining One
Beogh
Jiyva

Shops:
D:14 [   Orc:2 ([(%   Snake:3 :

Annotations:
D:3 Jarno's ghost, amateur DrIE
D:4 Blork the orc
Elf:2 3 runed doors


Innate Abilities, Weirdness & Mutations

You can breathe blasts of noxious fumes.
Your lurid green scales are hard. (AC +10)
You cannot fit into any form of body armour.
Your tail ends in a poisonous barb.
Your system is resistant to poisons. (rPois)
You are cold-blooded and may be slowed by cold attacks.
You are agile. (Dex +2)
You possess an exceptional clarity of mind.
You are resistant to hostile enchantments. (MR+)


Message History

Unknown command.
You slash the vault guard!
You tail-slap the vault guard, but do no damage.
The vault guard is almost dead.
You block the deep elf mage's attack. The vault guard completely misses you.
The vault warden hits you with a great mace!!!
* * * LOW HITPOINT WARNING * * *
You hear a shout! x2
Blink to where?
Press: ? - help, Dir - move target cursor, p - vault warden You are very lightly contaminated with residual magic.
As you read the scroll of blinking, it crumbles to dust.
A deep elf knight comes into view. It is wielding a long sword.
The deep elf knight points at you and mumbles some strange words.
The stone arrow hits you!
* * * LOW HITPOINT WARNING * * *
A vault warden comes into view. It is wielding a bardiche.
You feel much better.
The vault warden hits you from afar with a bardiche!!!
You die...

#.(####
...#
#..)ep#J.
..#
#..#))#..
.#
#..)(pJO
#
####p(#O
#...J.#..
#..e..#
..
#O.)..#
...
#@<####
...
#pe.....#
###.....#
#.....#
####..#
..# ..#
..#


You could see 2 vault wardens, a vault guard, a large slime creature, 2 slime
creatures, a deep elf knight, an ironbrand convoker, a deep elf mage, a
two-headed ogre and an ogre.

Vanquished Creatures
  Vashnia (Snake:2)
  Bai Suzhen (Vaults:2)
  Saint Roka (Orc:2)
  Nikola (Vaults:2)
  4 deep elf blademasters (Elf:3)
  Frances (D:13)
  A deep elf master archer (Elf:3)
  Agnes (Snake:2)
  Kirke (Snake:4)
  Gastronok (D:12)
  Roxanne (Elf:1)
  A fire giant (Vaults:3)
  9 nagarajas
  3 vault wardens
  10 deep elf sorcerers
  Louise (Elf:3)
  5 deep elf elementalists (Elf:3)
  8 ironheart preservers
  A large abomination (Elf:3)
  2 stone giants
  A reaper (IceCv)
  3 very ugly things (Vaults:2)
  5 deep elf demonologists (Elf:3)
  A dire elephant (Lair:6)
  12 deep elf annihilators
  9 deep elf death magi
  An ettin (Vaults:3)
  A minotaur (Lab)
  Snorg (D:13)
  2 great orbs of eyes
  5 ogre magi
  A yaktaur captain (D:15)
  Harold (D:12)
  A fire dragon (Vaults:1)
  5 deep elf high priests (Elf:3)
  4 ice dragons
  The ghost of nikopol the Cleaver, a journeyman GrBe of Trog (Volcano)
  22 naga warriors
  6 hydras
  3 vault guards
  Fannar (Lair:3)
  A catoblepas (Lair:6)
  10 anacondas
  9 centaur warriors
  11 dancing weapons
  10 death yaks
  A tengu warrior (D:14)
  15 naga sharpshooters
  2 death knights
  A deep troll earth mage (Vaults:1)
  Urug (Orc:1)
  3 deep troll shamans
  14 deep elf knights
  14 shock serpents
  A hell knight (Volcano)
  Nergalle (Lair:3)
  The ghost of PeterLawrence the Basher, a novice MiFi of Okawaru (D:8)
  A salamander mystic (Snake:2)
  2 unseen horrors
  5 deep trolls
  2 small abominations (Elf:3)
  A glowing orange brain (Vaults:2)
  4 sea snakes (Snake:4)
  7 ironbrand convokers
  8 hill giants
  10 harpies
  9 orc knights
  3 naga ritualists (Snake:4)
  6 wizards
  A phantasmal warrior (Vaults:2)
  8 deep elf archers
  A lindwurm (shapeshifter) (Elf:1)
  A flayed ghost (Vaults:1)
  3 orc sorcerers
  45 deep elf magi
  4 necromancers
  2 wolf spiders
  6 mana vipers
  4 cyclopes
  18 ugly things
  2 manticores
  11 salamanders
  Maurice (D:13)
  10 elephants
  7 vault sentinels
  A smoke demon (Volcano)
  2 ice statues (IceCv)
  38 black mambas
  A black mamba (shapeshifter) (Vaults:1)
  4 guardian serpents
  7 spiny frogs
  A spiny frog (shapeshifter) (D:15)
  18 naga magi
  A yaktaur zombie (Vaults:1)
  A gargoyle (D:15)
  A kobold demonologist (D:15)
  A rime drake (Lair:6)
  7 komodo dragons
  15 yaktaurs
  2 tengu conjurers (D:13)
  6 ice devils (IceCv)
  2 freezing wraiths
  A red devil (Volcano)
  9 trolls
  4 polar bears
  2 hornets (Vaults:2)
  12 slime creatures
  14 blink frogs
  Grinder (D:4)
  A raiju (shapeshifter) (Vaults:1)
  10 hippogriffs
  13 two-headed ogres
  8 dream sheep (Lair:4)
  2 air elementals
  2 centaur simulacra
  A flying skull (Vaults:2)
  A shadow (Vaults:2)
  An ettin skeleton (Vaults:1)
  An orc simulacrum (Vaults:1)
  2 spriggans
  Sigmund (D:5)
  4 wraiths
  20 humans (D:14)
  47 yaks
  A hog (Snake:4)
  A hog (shapeshifter) (Vaults:3)
  Eustachio (D:4)
  7 fire bats (Volcano)
  5 wyverns
  A yak (shapeshifter) (Vaults:1)
  3 basilisks
  3 hungry ghosts
  A golden eye (shapeshifter) (D:11)
  A basilisk (shapeshifter) (Vaults:1)
  3 fire elementals (Elf:3)
  A human simulacrum (Vaults:2)
  4 vampire mosquitoes (D:12)
  2 wargs (Orc:2)
  A mottled dragon (Vaults:1)
  64 nagas
  The ghost of Mlkhall the Gusty, an amateur OpAE (D:4)
  25 water moccasins
  Edmund (D:4)
  4 hell hounds
  12 porcupines
  54 orc warriors
  A meliai simulacrum (D:14)
  3 sky beasts
  4 ice beasts
  2 eyes of draining
  A necrophage (D:5)
  A hornet zombie (D:13)
  6 black bears
  23 ogres
  8 boggarts
  3 phantoms
  19 wolves
  15 centaurs
  3 big kobolds (D:9)
  14 crocodiles
  An elf simulacrum (Vaults:1)
  22 bullfrogs
  A gnoll sergeant (D:11)
  2 earth elementals
  A wyvern zombie (D:10)
  A yaktaur skeleton (Vaults:1)
  8 scorpions
  9 wights
  8 howler monkeys
  3 electric eels
  3 crimson imps
  4 lava snakes (Volcano)
  2 quasits
  3 bullfrog skeletons
  A bullfrog zombie (D:12)
  4 jellies
  33 orc priests
  8 hounds
  6 centaur skeletons
  3 iguanas
  Natasha (thrice) (D:2)
  48 orc wizards
  11 worker ants
  2 hound zombies
  A hound skeleton (D:5)
  2 worker ant zombies
  21 gnolls
  17 adders
  A howler monkey skeleton (D:7)
  A river rat (D:10)
  11 white imps (IceCv)
  4 ufetubi (IceCv)
  An ooze (D:4)
  An adder zombie (D:5)
  9 worms
  3 adder skeletons
  3 leopard geckos
  142 orcs
  3 ball pythons
  4 giant cockroaches
  5 goblins
  13 hobgoblins
  17 jackals
  34 kobolds
  3 quokkas
  10 bats
  5 frilled lizards
  3 quokka skeletons
  10 rats
  2 crawling corpses (Elf:3)
  2 plants
  2 spectral weapons (Vaults:1)
1498 creatures vanquished.

Vanquished Creatures (others)
  A naga mage (Snake:3)
  4 humans (Snake:4)
  2 white imps (IceCv)
  3 ufetubi (IceCv)
  A ball python (Snake:4)
  9 fungi
  10 plants
  27 spectral weapons
57 creatures vanquished.

Grand Total: 1555 creatures vanquished

Notes
Turn   | Place    | Note
-------+----------+-------------------------------------------
     0 | D:1      | Jarno the Draconian Conjurer began the quest for the Orb.
     0 | D:1      | Reached XP level 1. HP: 14/14 MP: 3/3
   280 | D:1      | Reached XP level 2. HP: 20/20 MP: 0/5
   810 | D:1      | Learned a level 2 spell: Searing Ray
   833 | D:1      | Reached XP level 3. HP: 26/26 MP: 2/6
  1415 | D:2      | Noticed Natasha
  1428 | D:2      | Found an iron altar of Okawaru.
  1435 | D:2      | Killed Natasha
  1435 | D:2      | Reached skill level 5 in Conjurations
  1435 | D:2      | Reached XP level 4. HP: 34/34 MP: 2/8
  1855 | D:2      | Noticed Natasha
  1858 | D:2      | Killed Natasha
  2005 | D:2      | Learned a level 4 spell: Iskenderun's Mystic Blast
  2043 | D:2      | Reached XP level 5. HP: 39/39 MP: 7/9
  2171 | D:2      | Noticed Natasha
  2179 | D:2      | Killed Natasha
  2540 | D:3      | Noticed Jarno's ghost (amateur DrIE)
  3169 | D:4      | Noticed Eustachio
  3196 | D:4      | Noticed Mlkhall's ghost (amateur OpAE)
  3208 | D:3      | Reached XP level 6. HP: 25/46 MP: 7/11
  3209 | D:3      | Reached skill level 1 in Maces & Flails
  3620 | D:4      | Reached skill level 1 in Fighting
  3724 | D:4      | Reached skill level 6 in Conjurations
  3826 | D:4      | Noticed Edmund
  3876 | D:4      | Noticed Grinder
  3925 | D:4      | Learned a level 5 spell: Iskenderun's Battlesphere
  3930 | D:4      | Noticed Blork the orc
  4001 | D:5      | Entered Level 5 of the Dungeon
  4131 | D:5      | Noticed Sigmund
  4145 | D:5      | Found a burning altar of Makhleb.
  4214 | D:5      | Killed Sigmund
  4214 | D:5      | Your scales start taking on a lurid green colour.
  4214 | D:5      | Reached XP level 7. HP: 31/52 MP: 2/13
  4214 | D:5      | Gained mutation: Your system is resistant to poisons. (rPois) [Green Draconian growth]
  4532 | D:5      | Found a blossoming altar of Fedhas.
  4932 | D:5      | Reached skill level 7 in Conjurations
  4981 | D:5      | Found a shadowy altar of Dithmenos.
  5121 | D:5      | Reached XP level 8. HP: 48/61 MP: 2/14
  5523 | D:4      | Killed Mlkhall's ghost
  5523 | D:4      | Reached skill level 1 in Charms
  5542 | D:4      | Gained mutation: You possess an exceptional clarity of mind. [potion of mutation]
  5542 | D:4      | Gained mutation: You are agile. (Dex +2) [potion of mutation]
  5542 | D:4      | Gained mutation: You are resistant to hostile enchantments. (MR+) [potion of mutation]
  6063 | D:4      | Killed Eustachio
  6257 | D:4      | Killed Edmund
  6257 | D:4      | Reached skill level 5 in Spellcasting
  6372 | D:4      | Killed Grinder
  6511 | D:4      | Found a bloodstained altar of Trog.
  6687 | D:6      | Reached XP level 9. HP: 58/70 MP: 8/16
  7487 | D:6      | Found a basalt altar of Yredelemnul.
  7735 | D:7      | Found a sparkling altar of Nemelex Xobeh.
  8248 | D:7      | Found a staircase to the Ecumenical Temple.
  8255 | Temple   | Entered the Ecumenical Temple
  8259 | Temple   | Became a worshipper of Vehumet
  8301 | D:7      | Reached skill level 5 in Maces & Flails
  8974 | D:8      | Noticed PeterLawrence's ghost (novice MiFi)
  9374 | D:7      | Reached skill level 5 in Dodging
  9559 | D:8      | You fall through a shaft for 3 floors!
  9586 | D:11     | Reached XP level 10. HP: 79/79 MP: 5/18
  9684 | D:11     | Reached * piety under Vehumet
  9684 | D:11     | Offered knowledge of Sandblast by Vehumet.
  9698 | D:11     | Learned a level 3 spell: Spectral Weapon
  9713 | D:11     | Reached skill level 8 in Conjurations
  9783 | D:11     | Noticed a cyclops
  9841 | D:10     | Entered Level 10 of the Dungeon
 10576 | D:8      | Found a hide-covered altar of Uskayaw.
 10666 | D:8      | Killed PeterLawrence's ghost
 10666 | D:8      | Reached skill level 5 in Fighting
 10736 | D:8      | Reached ** piety under Vehumet
 10736 | D:8      | Offered knowledge of Throw Flame by Vehumet.
 11340 | D:9      | Found a staircase to the Orcish Mines.
 11418 | Orc:1    | Entered Level 1 of the Orcish Mines
 11617 | D:9      | Learned a level 2 spell: Shroud of Golubria
 11773 | Orc:1    | Noticed Urug
 11913 | D:9      | Offered knowledge of Conjure Flame by Vehumet.
 11945 | D:9      | Reached *** piety under Vehumet
 12087 | D:9      | Offered knowledge of Stone Arrow by Vehumet.
 12368 | D:9      | Found a glowing golden altar of the Shining One.
 12380 | D:9      | Found Zin's Purification Station.
 12380 | D:9      | Found a glowing silver altar of Zin.
 12538 | D:9      | Noticed a necromancer
 12660 | D:10     | Noticed a hill giant
 12676 | D:10     | Killed a hill giant
 12692 | D:10     | Reached XP level 11. HP: 70/88 MP: 5/21
 12909 | D:10     | Found a staircase to the Lair.
 13044 | D:10     | Noticed a hill giant
 13048 | D:10     | Killed a hill giant
 13683 | D:10     | Reached **** piety under Vehumet
 13775 | D:10     | Offered knowledge of Venom Bolt by Vehumet.
 13784 | Lair:1   | Entered Level 1 of the Lair of Beasts
 13909 | Orc:1    | Killed Urug
 14001 | Orc:1    | Reached skill level 9 in Conjurations
 14103 | Orc:2    | Entered Level 2 of the Orcish Mines
 14824 | Orc:2    | Found a roughly hewn altar of Beogh.
 14829 | Orc:2    | Noticed an orc sorcerer
 14846 | Orc:2    | Found Fialasmo's Weapon Emporium.
 14847 | Orc:2    | Killed an orc sorcerer
 14847 | Orc:2    | Reached skill level 5 in Stealth
 15449 | Orc:2    | Reached skill level 1 in Hexes
 15458 | Orc:2    | Noticed an orc sorcerer
 15492 | Orc:2    | Killed an orc sorcerer
 15912 | Orc:2    | Noticed Saint Roka
 15933 | Orc:2    | Found a roughly hewn altar of Beogh.
 15937 | Orc:2    | Found Qefaum's Food Shop.
 16130 | Orc:2    | Noticed an orc knight
 16363 | Orc:2    | Found a staircase to the Elven Halls.
 16403 | Orc:2    | Reached ***** piety under Vehumet
 16403 | Orc:2    | Offered knowledge of Fireball by Vehumet.
 16411 | Orc:2    | Killed an orc knight
 17223 | Orc:1    | Noticed an orc knight
 17249 | Orc:1    | Killed an orc knight
 17249 | Orc:1    | Reached XP level 12. HP: 58/100 MP: 17/23
 17309 | Orc:1    | Noticed a stone giant
 18047 | Lair:1   | Reached skill level 10 in Conjurations
 19342 | Lair:2   | Learned a level 4 spell: Fulminant Prism
 19461 | Lair:2   | Found a staircase to the Shoals.
 19465 | Lair:2   | Noticed Fannar
 19600 | Lair:2   | Noticed a six-headed hydra
 19613 | Lair:2   | Killed a six-headed hydra
 20147 | Lair:3   | Noticed Nergalle
 20175 | Lair:3   | Offered knowledge of Freezing Cloud by Vehumet.
 20192 | Lair:3   | Killed Nergalle
 20192 | Lair:3   | Reached skill level 11 in Conjurations
 20278 | Lair:3   | Found a dark tunnel.
 20309 | Volcano  | Entered a volcano
 20358 | Volcano  | Noticed nikopol's ghost (journeyman GrBe)
 20398 | Volcano  | Killed nikopol's ghost
 20539 | Volcano  | Learned a level 6 spell: Freezing Cloud
 20651 | Volcano  | Reached skill level 1 in Ice Magic
 20673 | Volcano  | Reached skill level 1 in Air Magic
 20673 | Volcano  | Reached XP level 13. HP: 108/108 MP: 20/25
 20923 | Volcano  | Found a radiant altar of Vehumet.
 20982 | Volcano  | Found a radiant altar of Vehumet.
 21733 | Lair:3   | Killed Fannar
 22549 | Lair:4   | Offered knowledge of Orb of Destruction by Vehumet.
 22562 | Lair:4   | Learned a level 7 spell: Orb of Destruction
 22632 | Lair:4   | Reached skill level 5 in Ice Magic
 22794 | Lair:4   | Found a staircase to the Snake Pit.
 24252 | Lair:5   | Found a viscous altar of Jiyva.
 24253 | Lair:5   | Found a staircase to the Slime Pits.
 25243 | Orc:2    | Killed Saint Roka
 25243 | Orc:2    | Reached skill level 10 in Spellcasting
 25243 | Orc:2    | Reached skill level 12 in Conjurations
 25243 | Orc:2    | Gained mutation: Your tail ends in a poisonous barb. [Green Draconian growth]
 25243 | Orc:2    | Reached XP level 14. HP: 75/116 MP: 1/28
 25452 | Orc:2    | Found Avepraun's Antique Weapon Shoppe.
 25452 | Orc:2    | Found a roughly hewn altar of Beogh.
 25453 | Orc:2    | Found Xeorgh's Antique Armour Emporium.
 25463 | Orc:2    | Bought a pair of runed boots for 367 gold pieces
 25463 | Orc:2    | Bought a pair of glowing gloves for 367 gold pieces
 25477 | Orc:2    | Identified a +0 pair of boots of running (You bought it in a shop on level 2 of the Orcish Mines)
 25611 | Orc:1    | Killed a stone giant
 25797 | Orc:1    | Found a roughly hewn altar of Beogh.
 26123 | Lair:3   | Learned a level 3 spell: Regeneration
 26282 | Lair:5   | Offered knowledge of Irradiate by Vehumet.
 26413 | Lair:6   | Entered Level 6 of the Lair of Beasts
 26465 | Lair:6   | Found a labyrinth entrance.
 26476 | Lab      | Entered a labyrinth
 26711 | Lab      | Got a flickering golden ring
 26718 | Lab      | Identified the ring "Huarou" {Fire rN+} (You found it in a labyrinth)
 27065 | Lair:6   | Reached skill level 13 in Conjurations
 27541 | Lair:6   | Got a slimy glaive
 27543 | Lair:6   | Identified the cursed +0 glaive "Batu" {venom, rPois MR- Str+4 Dex+2 Stlth+} (You found it on level 6 of the Lair of Beasts)
 28446 | Lair:6   | Identified the Compendium of Destructive Ice
 28931 | D:11     | Offered knowledge of Bolt of Cold by Vehumet.
 29116 | D:11     | Reached skill level 14 in Conjurations
 29914 | D:12     | Noticed Harold
 29922 | D:12     | Killed Harold
 30115 | D:12     | Noticed Gastronok
 30127 | D:12     | Killed Gastronok
 30127 | D:12     | Reached XP level 15. HP: 123/123 MP: 1/31
 30181 | D:12     | Identified the Tome of Dusty Transmutation
 31031 | D:13     | Found an opulent altar of Gozag.
 31259 | D:13     | Noticed Frances
 31316 | D:13     | Killed Frances
 31542 | D:13     | Reached skill level 15 in Conjurations
 31803 | D:13     | Noticed Snorg
 31808 | D:13     | Noticed Maurice
 31819 | D:13     | Killed Maurice
 31828 | D:13     | Killed Snorg
 32471 | D:14     | Found a frozen archway.
 32497 | IceCv    | Entered an ice cave
 32524 | IceCv    | Reached ****** piety under Vehumet
 32894 | IceCv    | Offered knowledge of Bolt of Fire by Vehumet.
 32924 | IceCv    | Got a scorched demon blade
 32925 | IceCv    | Identified the +9 demon blade "Mocetto" {elec, rPois rC+ MR+} (You found it in an ice cave)
 33255 | D:14     | Found Exzuetynt's Armour Shoppe.
 33263 | D:14     | Bought a +1 shield of fire resistance for 247 gold pieces
 33359 | D:14     | Reached skill level 1 in Shields
 33539 | D:14     | Reached skill level 1 in Long Blades
 33820 | D:14     | Found a gate to the Vaults.
 35036 | D:15     | Entered Level 15 of the Dungeon
 35148 | D:15     | Reached skill level 5 in Shields
 35391 | D:15     | Found a hazy altar of Hepliaklqana.
 35886 | D:15     | Found a staircase to the Depths.
 36322 | D:11     | Offered knowledge of Conjure Ball Lightning by Vehumet.
 36469 | Snake:1  | Entered Level 1 of the Snake Pit
 36536 | Lair:4   | Reached skill level 5 in Long Blades
 37130 | Snake:1  | Reached XP level 16. HP: 95/129 MP: 32/32
 37487 | Snake:1  | Reached skill level 1 in Necromancy
 38517 | Snake:2  | Noticed Vashnia
 39419 | Snake:2  | Got a shimmering great mace
 39440 | Snake:1  | Identified the +8 great mace of Dung {crush, rPois rC- MR+} (You found it on level 2 of the Snake Pit)
 39989 | Snake:2  | Killed Vashnia
 40498 | Snake:2  | Reached skill level 16 in Conjurations
 40645 | Snake:2  | Noticed Agnes
 40652 | Snake:2  | Killed Agnes
 41611 | Snake:3  | Found Owad Nai's Book Shop.
 42471 | Snake:3  | Reached XP level 17. HP: 85/137 MP: 25/33
 42765 | Snake:3  | Reached skill level 10 in Shields
 43264 | Snake:4  | Entered Level 4 of the Snake Pit
 43939 | Snake:4  | Noticed Kirke
 44268 | Orc:2    | Bought the -2 hat of the Alchemist {rElec rPois rF+ rC+ rN+ MR+ rMut rCorr} for 1652 gold pieces
 45018 | Snake:4  | Killed Kirke
 45222 | Snake:4  | Offered knowledge of Lehudib's Crystal Spear by Vehumet.
 45222 | Snake:4  | Offered knowledge of Chain Lightning by Vehumet.
 45222 | Snake:4  | Offered knowledge of Tornado by Vehumet.
 46390 | Snake:4  | Reached skill level 17 in Conjurations
 46448 | Snake:4  | Got a serpentine rune of Zot
 47017 | Elf:1    | Entered Level 1 of the Elven Halls
 47188 | Elf:1    | Reached XP level 18. HP: 112/146 MP: 28/35
 47191 | Elf:1    | Reached skill level 10 in Dodging
 47833 | Elf:1    | Noticed Roxanne
 47858 | Elf:1    | Killed Roxanne
 47859 | Elf:1    | Identified Roxanne's Papyrus of Earth (You took it off Roxanne on level 1 of the Elven Halls)
 48723 | Elf:2    | Reached skill level 10 in Long Blades
 48891 | Elf:2    | Found a runed gate.
 48891 | Elf:2    | Found a runed gate.
 48891 | Elf:2    | Found a runed gate.
 49065 | Elf:2    | Reached skill level 10 in Fighting
 49251 | Elf:3    | Entered Level 3 of the Elven Halls
 50045 | Elf:3    | Noticed an Ice Fiend
 50451 | Elf:3    | Noticed Louise
 50652 | Elf:3    | Killed Louise
 51136 | Elf:3    | Reached XP level 19. HP: 99/157 MP: 18/36
 51788 | Elf:3    | Identified the +9 morningstar "Demonslayer" {venom, MR+ Str+8 Stlth-} (You found it on level 3 of the Elven Halls)
 52207 | Vaults:1 | Entered Level 1 of the Vaults
 54962 | Vaults:2 | Noticed Bai Suzhen
 55247 | Vaults:2 | Found a staircase to the Crypt.
 55528 | Vaults:2 | Noticed Nikola
 55529 | Vaults:2 | Reached XP level 20. HP: 170/170 MP: 37/37
 55537 | Vaults:2 | Killed Nikola
 56600 | Vaults:2 | Killed Bai Suzhen
 57071 | Vaults:2 | Upgraded the game from 0.19.0-19-g8c6edcc to 0.19.0-20-gbc5f0c6
 57216 | Vaults:3 | HP: 8/172 [deep elf knight/stone arrow (3)]
 57217 | Vaults:3 | Slain by a vault warden

Skill      XL: |  1  2  3  4  5  6  7  8  9 10 11 12 13 14 15 16 17 18 19 20 |
---------------+-------------------------------------------------------------+-----
Dodging        | 2 3 5 6 7 8 9 10 11 12 | 12.0
Stealth        | 2 3 4 6 7 |  7.0
Conjurations   | 5 6 7 8 9 11 12 14 15 16 17 | 17.6
Spellcasting   | 3 4 5 6 7 8 10 12 13 | 13.3
Maces & Flails | 1 2 3 6 8 9 |  9.4
Fighting       | 1 2 3 4 5 7 8 9 11 12 13 | 13.4
Charms         | 2 4 |  4.8
Hexes          | 1 2 |  2.0
Ice Magic      | 1 5 6 |  6.7
Air Magic      | 1 4 |  4.3
Shields        | 6 9 11 12 13 | 13.3
Long Blades    | 5 8 9 12 14 | 14.8
Necromancy     | 2 |  2.0
Evocations     | |  0.4

Action                   |  1- 3 |  4- 6 |  7- 9 | 10-12 | 13-15 | 16-18 | 19-21 || total
-------------------------+-------+-------+-------+-------+-------+-------+-------++-------
Melee: Unarmed           |    17 |       |       |       |       |       |       ||    17
       Tailslap          |     2 |     6 |    29 |   135 |   153 |    84 |    68 ||   477
       Dagger            |     6 |     5 |       |       |       |       |       ||    11
       Whip              |       |    41 |    75 |       |       |       |       ||   116
       Dire flail        |       |       |   123 |   900 |  1038 |       |       ||  2061
       Great mace        |       |       |       |     6 |       |       |       ||     6
       Staff             |       |       |       |       |     7 |       |       ||     7
       Demon blade       |       |       |       |       |   110 |   738 |   511 ||  1359
 Cast: Magic Dart        |    54 |    50 |   173 |   259 |   275 |    57 |    19 ||   887
       Searing Ray       |     4 |    24 |    40 |    27 |       |       |       ||    95
       Iskenderun's Batt |       |     1 |     2 |    18 |    29 |    10 |     5 ||    65
       Spectral Weapon   |       |       |       |    26 |    33 |    24 |    18 ||   101
       Iskenderun's Myst |       |       |       |    26 |    94 |   162 |    93 ||   375
       Shroud of Golubri |       |       |       |     4 |     2 |       |       ||     6
       Freezing Cloud    |       |       |       |       |    58 |    93 |    48 ||   199
       Orb of Destructio |       |       |       |       |    31 |    46 |    18 ||    95
       Regeneration      |       |       |       |       |     9 |    42 |    14 ||    65
 Abil: Breathe Noxious F |       |       |     7 |    40 |    24 |     3 |     1 ||    75
Evoke: Wand              |       |       |       |       |     2 |       |       ||     2
  Use: Scroll            |       |     3 |     5 |    17 |    21 |     5 |     6 ||    57
       Potion            |       |     1 |     1 |     5 |     7 |     2 |     2 ||    18
 Stab: Sleeping          |     1 |     2 |     1 |     9 |    15 |     9 |     8 ||    45
       Confused          |       |       |     6 |    25 |     9 |     3 |       ||    43
       Distracted        |       |       |     1 |     3 |     8 |     5 |     3 ||    20
  Eat: Chunk             |     3 |     9 |    12 |    33 |    84 |    38 |    39 ||   218
       Fruit             |       |       |     5 |     5 |       |     5 |       ||    15
       Pizza             |       |       |     2 |       |       |     3 |       ||     5
       Beef jerky        |       |       |       |     4 |     1 |     3 |       ||     8
       Royal jelly       |       |       |       |     3 |     1 |       |       ||     4
       Meat ration       |       |       |       |     1 |     2 |     8 |       ||    11
       Bread ration      |       |       |       |       |     1 |     1 |     1 ||     3
Armor: Skin              |    10 |    19 |    98 |   253 |   412 |   168 |    74 ||  1034
Dodge: Dodged            |    27 |    72 |   229 |   606 |   751 |   370 |   251 ||  2306
Block: Other             |       |       |       |    11 |    20 |       |       ||    31
       Shield            |       |       |       |       |    60 |   400 |   244 ||   704
       Rpst.: Demon blade |       |       |       |       |    13 |    68 |    53 ||   134
